 Dungeon Sprint DCSS version 0.31-a0-875-g02e7d12df6 (webtiles) character file.

Game seed: 7990469153807082858

3805 sircluck the Grappler (level 9, -1/106 HPs)
             Began as a Troll Berserker on Oct 12, 2023.
             Was an Elder of Trog.
             Slain by a killer bee (5 damage)
             ... in the Dungeon (Sprint III: "The Ten Rune Challenge").
             The game lasted 00:03:59 (641 turns).

sircluck the Grappler (Troll Berserker)              Turns: 641, Time: 00:04:00

Health: -1/106     AC:  3    Str: 30    XL:     9   Next: 96%
Magic:  8/8        EV: 12    Int:  7    God:    Trog [****..]
Gold:   37         SH:  0    Dex:  8    Spells: 8/8 levels left

rFire   . .          .
                       - Unarmed
rCold   . . .        (no shield)
rNeg    . . .        a - +0 animal skin
rPois   .            (helmet restricted)
rElec   .            (no cloak)
rCorr   .            (gloves unavailable)
SInv    .            (boots unavailable)
Will    ++...        (no amulet)
Stlth   +            (no ring)
HPRegen 2.17/turn    (no ring)
MPRegen 0.11/turn

%: no teleportation, random rage (3%)
@: strong-willed, regenerating
A: large, unfitting armour, claws 3, regeneration 1, shaggy fur 1, tough skin 1,
horns 1, berserk 1, clever 1, deformed body
a: Renounce Religion, Berserk, Trog's Hand, Brothers in Arms


You were in the Dungeon.
You worshipped Trog.
Trog was greatly pleased with you.
You visited 1 branch You collected 37 gold pieces.

Inventory:

Armour
 a - a +0 animal skin (worn)
Wands
 m - a wand of mindburst (7)
Scrolls
 g - a scroll of blinking
 h - 3 scrolls of identify {unknown}
 j - 2 scrolls of immolation {unknown}
Potions
 b - 2 potions of curing
 c - a potion of heal wounds
 d - a potion of haste
 e - 2 potions of magic
 f - a potion of berserk rage
 i - 3 potions of mutation
 k - a potion of lignification {unknown}
 l - a potion of enlightenment {unknown}


   Skills:
 + Level 11.8 Fighting
 + Level 11.6 Dodging
 + Level 13.7 Unarmed Combat


You had 8 spell levels left.
You didn't know any spells.
Your spell library was empty.

Dungeon Overview and Level Annotations

Branches:
Dungeon (1/1)

Altars:
Cheibriados
Dithmenos
Elyvilon
Fedhas
Gozag
Hepliaklqana
Kikubaaqudgha
Makhleb
Nemelex Xobeh
Okawaru
Qazlal
Ru
Sif Muna
Trog
Uskayaw
Vehumet
Wu Jian
Xom
Yredelemnul
Zin
The Shining One
Jiyva
Lugonu


Innate Abilities, Weirdness & Mutations

You are too large for most types of armour.
You have claws for hands.
Your natural rate of healing is unusually fast.
You are covered in fur. (AC +1)
You have tough skin. (AC +1)
You have a pair of small horns on your head.
You sometimes lose your temper in combat.
Your mind is acute. (Int +4, Str/Dex -1)
Armour fits poorly on your strangely shaped body.


Message History

* * * LOW HITPOINT WARNING * * *
You barely miss the killer bee.
You feel sick. The killer bee stings you.
* * * LOW HITPOINT WARNING * * *
The killer bee barely misses you.
You closely miss the killer bee. Your headbutt misses the killer bee.
You feel sick. The killer bee barely misses you.
Unknown command.
You fail to use your ability.
You feel sick. The killer bee closely misses you.
The killer bee barely misses you.
Your ogre goes berserk!
You can no longer call in reinforcements.
You feel sick. The killer bee stings you.
* * * LOW HITPOINT WARNING * * *
The killer bee closely misses you.
Unknown command.
Unknown command.
You swap places.
You feel sick. Something stings your ogre!
Your ogre is poisoned.
Something poisons your ogre! Something stings your ogre.
You feel sick. Something stings your ogre! x2
You feel sick.
You are no longer poisoned.
Something stings your ogre.
Your ogre looks as sick as possible!
Something poisons your ogre! Something stings your ogre!
Okay, then.
Your skin crawls.
You feel strong-willed. Something stings your ogre!
Your ogre dies!
Your ogre's corpse disappears in a puff of smoke!
The killer bee stings you.
* * * LOW HITPOINT WARNING * * *
The killer bee stings you.
* * * LOW HITPOINT WARNING * * *
You mangle the killer bee!!
You kill the killer bee!
Trog accepts your kill.
You can now call in reinforcements.
The killer bee stings you.
You die...

#########################
~~'.#)))..'.#.#.#yy.yy~≈#
§§#.#.#)..##.#.#)##...~≈#
.§#.#.#...#.#.#†#.#


yyyy≈ .§#...#...##.#.#.## yy~~ ▓▓▓▓▓▓▓▓▓▓#.#.#y#y# yy. ##.#.#@## .y +.#.#.#.# y
##.#.# ## #+## You could see 2 killer bees.

Vanquished Creatures
  Josephine (D)
  A centaur warrior (D)
  A deep elf pyromancer (D)
  An unseen horror (D)
  A shadow (D)
  A spatial vortex (D)
  2 centaurs (D)
  An earth elemental (D)
  A necrophage (D)
  A water elemental (D)
  3 killer bees (D)
  A jelly (D)
  Jessica (D)
  A wizard (D)
  A necromancer (D)
  3 humans (D)
  A kobold demonologist (D)
  A phantom (D)
  2 rats (D)
25 creatures vanquished.

Vanquished Creatures (collateral kills)
  18 killer bees (D)
18 creatures vanquished.

Grand Total: 43 creatures vanquished

Notes
Turn   | Place    | Note
-------+----------+-------------------------------------------
     0 | D        | sircluck the Troll Berserker began the quest for the Orb.
     0 | D        | Reached XP level 1. HP: 22/22 MP: 0/0
    10 | D        | Noticed Jessica
    15 | D        | Killed Jessica
    15 | D        | Reached ** piety under Trog
    16 | D        | Reached skill level 4 in Unarmed Combat
    16 | D        | Reached XP level 2. HP: 27/32 MP: 1/1
    41 | D        | Reached XP level 3. HP: 39/39 MP: 2/2
    52 | D        | Reached skill level 5 in Unarmed Combat
    72 | D        | Gained mutation: You sometimes lose your temper in combat.
                  | [potion of mutation]
    72 | D        | Gained mutation: Your mind is acute. (Int +4, Str/Dex -1)
                  | [potion of mutation]
    72 | D        | Gained mutation: Armour fits poorly on your strangely
                  | shaped body. [potion of mutation]
    72 | D        | Gained mutation: You have a pair of small horns on your
                  | head. [potion of mutation]
    86 | D        | Noticed a water elemental
    91 | D        | Killed a water elemental
    91 | D        | Reached *** piety under Trog
    92 | D        | Reached skill level 5 in Fighting
    92 | D        | Reached skill level 5 in Dodging
    92 | D        | Reached skill level 6 in Unarmed Combat
    92 | D        | Reached XP level 4. HP: 5/50 MP: 3/3
   141 | D        | Found a glowing silver altar of Zin.
   141 | D        | Found a glowing golden altar of the Shining One.
   141 | D        | Found a white marble altar of Elyvilon.
   142 | D        | Noticed a deep elf pyromancer
   145 | D        | Noticed a fire elemental
   145 | D        | Killed a deep elf pyromancer
   146 | D        | Reached skill level 9 in Unarmed Combat
   146 | D        | Reached XP level 5. HP: 63/63 MP: 4/4
   146 | D        | Reached XP level 6. HP: 72/72 MP: 5/5
   146 | D        | Reached XP level 7. HP: 79/79 MP: 6/6
   194 | D        | Found a hide-covered altar of Uskayaw.
   194 | D        | Found an iron altar of Okawaru.
   194 | D        | Found a bloodstained altar of Trog.
   194 | D        | Found an ornate altar of the Wu Jian Council.
   194 | D        | Noticed a human
   194 | D        | Noticed a human
   200 | D        | Killed a human
   208 | D        | Killed a human
   208 | D        | Reached **** piety under Trog
   209 | D        | Reached skill level 10 in Unarmed Combat
   255 | D        | Found a basalt altar of Yredelemnul.
   255 | D        | Found a shadowy altar of Dithmenos.
   255 | D        | Found a sacrificial altar of Ru.
   314 | D        | Found a radiant altar of Vehumet.
   314 | D        | Found a shimmering blue altar of Sif Muna.
   314 | D        | Found an ancient bone altar of Kikubaaqudgha.
   320 | D        | Reached ***** piety under Trog
   323 | D        | Noticed an orange demon
   323 | D        | Received a gift from Trog
   337 | D        | Noticed a shadow
   341 | D        | Killed a shadow
   342 | D        | Reached XP level 8. HP: 88/92 MP: 7/7
   351 | D        | Found a blossoming altar of Fedhas.
   351 | D        | Found a stormy altar of Qazlal.
   351 | D        | Found a snail-covered altar of Cheibriados.
   351 | D        | Found a burning altar of Makhleb.
   351 | D        | Found a shimmering altar of Xom.
   352 | D        | Found a hazy altar of Hepliaklqana.
   352 | D        | Found an opulent altar of Gozag.
   352 | D        | Found a sparkling altar of Nemelex Xobeh.
   352 | D        | Found a corrupted altar of Lugonu.
   352 | D        | Found a viscous altar of Jiyva.
   359 | D        | Reached skill level 11 in Unarmed Combat
   374 | D        | Noticed Josephine
   382 | D        | Killed Josephine
   383 | D        | Reached skill level 10 in Fighting
   383 | D        | Reached skill level 10 in Dodging
   445 | D        | Reached skill level 12 in Unarmed Combat
   468 | D        | Noticed a centaur warrior
   476 | D        | Killed a centaur warrior
   477 | D        | Reached XP level 9. HP: 17/102 MP: 8/8
   479 | D        | Received a gift from Trog
   571 | D        | Reached skill level 13 in Unarmed Combat
   577 | D        | Identified the +7 trident of Mastery {flame, rF- rN+ Str+3}
                  | (Trog gifted it to you in the Dungeon)
   577 | D        | Received a gift from Trog
   603 | D        | Killed an unseen horror
   609 | D        | HP: 4/106 [killer bee (6)]
   640 | D        | HP: 2/106 [killer bee (4)]
   641 | D        | Slain by a killer bee

Illustrated notes

Levels and vault maps discovered:
D:        dungeon_sprint_mu [sprint_mu_entry_forest, sprint_mu_temple_rooms,
          sprint_mu_d1_horrors, sprint_mu_d2_genie, sprint_mu_d3_branching,
          sprint_mu_orc_legion, sprint_mu_elf_gauntlet, sprint_mu_hive_nellie,
          sprint_mu_lair_fedhas, sprint_mu_vaults_butterflies,
          sprint_mu_slime_circle, sprint_mu_swamp_cave, sprint_mu_snake_twists,
          sprint_mu_blade_basic, sprint_mu_crypt_lich, sprint_mu_tomb_spiral,
          sprint_mu_vestibule_basic, sprint_mu_gehenna_hellfire,
          sprint_mu_dis_giant, sprint_mu_tartarus_statrot,
          sprint_mu_cocytus_islands, sprint_mu_zot1]

Skill      XL: |  1  2  3  4  5  6  7  8  9 |
---------------+----------------------------+-----
Fighting       | 3 4 5 7 9 10 11 | 11.8
Dodging        | 3 4 5 7 9 10 11 | 11.6
Unarmed Combat | 4 6 9 10 12 13 | 13.7

Action                     |  1- 3 |  4- 6 |  7- 9 || total
---------------------------+-------+-------+-------++-------
  Melee: Unarmed           |    18 |     3 |    77 ||    98
         Headbutt          |       |       |     7 ||     7
         Punch             |       |       |     3 ||     3
 Invoke: Brothers in Arms  |       |       |     6 ||     6
         Trog's Hand       |       |       |     1 ||     1
    Use: Potion            |     1 |       |     1 ||     2
 Armour: Animal skin       |    10 |     1 |    92 ||   103
  Dodge: Dodged            |     3 |       |    59 ||    62

Table legend: (Time is in decaauts)
 A = Elapsed time spent in this place.
 B = Non-inter-level travel time spent in this place.
 C = Inter-level travel time spent in this place.
 D = Time resting spent in this place.
 E = Time spent auto-exploring this place.
 F = Levels seen in this place.
 G = Mean time per level.
                   A        B        C        D        E       F      G
               +--------+--------+--------+--------+--------+-----+--------+
         Total |    651 |    642 |      9 |    159 |    285 |   1 |  651.0 |
       Dungeon |    651 |    642 |      9 |    159 |    285 |   1 |  651.0 |
               +--------+--------+--------+--------+--------+-----+--------+

Top non-repeatable levels by time:
       D: 651 daAuts
